 Dungeon Crawl Stone Soup version 0.31-a0-1-g4198be8af4 (webtiles) character file.

Game seed: 7624281582633161476

894 jasper the Geomancer (level 7, -1/29 (32) HPs)
             Began as a Spriggan Earth Elementalist on May 1, 2023.
             Slain by a wight
             ... wielding a +1 flail of protection
              (2 damage)
             ... on level 5 of the Dungeon.
             The game lasted 00:05:05 (3815 turns).

jasper the Geomancer (Spriggan Earth Elementalist)  Turns: 3815, Time: 00:05:06

HP:   -1/29 (32)    AC:  2    Str:  4    XL:     7   Next: 78%
MP:   4/12          EV: 17    Int: 19    God:
Gold: 341           SH:  0    Dex: 15    Spells: 0/11 levels left

rFire   + . .        h - +1 short sword
rCold   + . .        (no shield)
rNeg    + . .        a - +0 robe
rPois   .            (helmet restricted)
rElec   .            d - scarf {rC+ rF+}
rCorr   .            (gloves unavailable)
SInv    +            (boots unavailable)
Will    +....        (no amulet)
Stlth   ++           o - ring of positive energy
HPRegen 0.24/turn    (no ring)
MPRegen 0.13/turn

%: no passive effects
@: drained, very quick
A: very small, no large weapons, unfitting armour, see invisible, speed 3
a: no special abilities


You were on level 5 of the Dungeon.
You visited 1 branch of the dungeon, and saw 5 of its levels.

You collected 341 gold pieces.

Inventory:

Hand Weapons
 h - a +1 short sword (weapon)
Missiles
 g - 14 poisoned darts
 i - 52 stones
 n - 3 boomerangs
Armour
 a - a +0 robe (worn)
 d - a scarf of resistance (worn)
Jewellery
 o - a ring of positive energy (left hand)
Scrolls
 f - a scroll of fear
 l - a scroll of magic mapping
 r - a scroll of identify
Potions
 b - 2 potions of magic
 c - a potion of mutation {unknown}
 e - 2 potions of resistance
 j - 2 potions of invisibility
 k - a potion of cancellation {unknown}
 m - a potion of curing {unknown}
 p - a potion of flight {unknown}
 q - a potion of heal wounds {unknown}
 s - a potion of brilliance


   Skills:
 - Level 2.6 Dodging
 - Level 3.0 Stealth
 - Level 2.6 Spellcasting
 - Level 1.3 Transmutations
 + Level 8.6 Earth Magic


You couldn't memorise any spells.
You knew the following spells:

 Your Spells              Type           Power      Damage    Failure   Level
a - Sandblast             Erth           70%        2d15      1%          1
b - Passwall              Tmut/Erth      17%        N/A       3%          2
c - Stone Arrow           Conj/Erth      38%        3d9       8%          3
d - Lee's Rapid Deconstr  Erth           17%        3d11*     12%         5

Your spell library contained the following spells:

 Spells                   Type           Power      Damage    Failure   Level
 Petrify                  Tmut/Erth      21%        N/A       21%         4
 Lesser Beckoning         Tloc           4%         N/A       24%         2
 Gell's Gravitas          Tloc           2%         N/A       43%         3
 Teleport Other           Tloc           2%         N/A       43%         3
 Volatile Blastmotes      Fire/Tloc      4%         2d10      43%         3
 Fulminant Prism          Conj/Hex       1%         3d5       83%         4
 Iskenderun's Mystic Bla  Conj/Tloc      2%         2d3       83%         4


Dungeon Overview and Level Annotations

Branches:
Dungeon (5/15)
 Temple: D:4-7

Altars:


Innate Abilities, Weirdness & Mutations

You are very small and have problems with some larger weapons.
You are too small for most types of armour.
You have supernaturally acute eyesight. (SInv)
You cover ground extremely quickly. (Speed+++)


Message History

The wight is lightly damaged.
The wight misses you. x2
Aiming: Sandblast (safe; 1% risk of failure)
Press: ? - help, Q - select action, (/) - cycle Shift-Dir - straight line, f/p - wight
Aim: a wight, wielding a +1 flail of protection and wearing a +0 robe (lightly damaged, 84% to hit)
The blast of sand misses the wight.
The wight misses you.
You now have 7/12 mp.
Aiming: Sandblast (safe; 1% risk of failure)
Press: ? - help, Q - select action, (/) - cycle Shift-Dir - straight line, f/p - wight
Aim: a wight, wielding a +1 flail of protection and wearing a +0 robe (lightly damaged, 84% to hit)
The blast of sand hits the wight but does no damage.
The wight is lightly damaged.
The wight hits you with a +1 flail of protection!
The wight closely misses you.
Your magical contamination has completely faded away.
You take 10 damage, and have 14/30 hp.
MASSIVE DAMAGE!!
You now have 6/12 mp.
Aiming: Sandblast (safe; 1% risk of failure)
Press: ? - help, Q - select action, (/) - cycle Shift-Dir - straight line, f/p - wight
Aim: a wight, wielding a +1 flail of protection and wearing a +0 robe (lightly damaged, 84% to hit)
The blast of sand hits the wight but does no damage.
The wight is lightly damaged.
The wight completely misses you.
You now have 5/12 mp.
Aiming: Sandblast (safe; 1% risk of failure)
Press: ? - help, Q - select action, (/) - cycle Shift-Dir - straight line, f/p - wight
Aim: a wight, wielding a +1 flail of protection and wearing a +0 robe (lightly damaged, 84% to hit)
The blast of sand hits the wight!
The wight is severely damaged.
You now have 5/12 mp.
Aiming: Sandblast (safe; 1% risk of failure)
Press: ? - help, Q - select action, (/) - cycle Shift-Dir - straight line, f/p - wight
Aim: a wight, wielding a +1 flail of protection and wearing a +0 robe (severely damaged, 84% to hit)
The blast of sand hits the wight but does no damage.
The wight is severely damaged.
The wight hits you with a +1 flail of protection!
Ouch! That really hurt!
* * * LOW HITPOINT WARNING * * *
You partially resist.
You feel drained.
You die...

.............#
........####.#
.....>.....#.#########
#####.#..............#
#)#.##.#.#######.#
###+#.#..#.# #.#
#.....#..#.# #.#
#.....##.#.# #.#
#......z@..# #.#
#....###.### #.#
###'## #.# #.#
#.####.# #.# .......#
#.# ..(.....# #.#
..(......# #.#
.......)..#########.#
.........)...))....#.#


You could see a wight.

Vanquished Creatures
  Sigmund (D:4)
  Menkaure (D:4)
  2 black bears
  3 wights (D:5)
  A jelly (D:4)
  A hound (D:5)
  A sleepcap (D:4)
  2 orc wizards (D:5)
  3 gnolls (D:4)
  3 adders (D:2)
  2 worms
  2 dart slugs
  2 orcs (D:5)
  7 ball pythons
  3 endoplasms
  5 giant cockroaches
  6 hobgoblins
  4 jackals (D:2)
  6 quokkas
  4 bats
  3 frilled lizards
  7 goblins
  7 kobolds
  A rat (D:1)
77 creatures vanquished.

Vanquished Creatures (others)
  5 toadstools (D:2)
5 creatures vanquished.

Grand Total: 82 creatures vanquished

Notes
Turn   | Place    | Note
-------+----------+-------------------------------------------
     0 | D:1      | jasper the Spriggan Earth Elementalist began the quest for
                  | the Orb.
     0 | D:1      | Reached XP level 1. HP: 9/9 MP: 5/5
   153 | D:1      | Reached skill level 3 in Earth Magic
   318 | D:1      | Reached XP level 2. HP: 11/13 MP: 3/6
   381 | D:1      | Learned a level 2 spell: Passwall
  1117 | D:2      | Reached XP level 3. HP: 16/16 MP: 5/8
  1165 | D:2      | Reached skill level 4 in Earth Magic
  1169 | D:2      | Learned a level 3 spell: Stone Arrow
  1669 | D:2      | Reached XP level 4. HP: 21/21 MP: 7/9
  2434 | D:3      | You fall into a shaft and drop 1 floor!
  2438 | D:4      | Noticed a black bear
  2444 | D:4      | Killed a black bear
  2445 | D:4      | Reached skill level 5 in Earth Magic
  2445 | D:4      | Reached XP level 5. HP: 19/24 MP: 5/10
  2520 | D:4      | Noticed Menkaure
  2569 | D:4      | Killed Menkaure
  2570 | D:4      | Reached skill level 6 in Earth Magic
  2570 | D:4      | Reached XP level 6. HP: 6/28 MP: 7/11
  2882 | D:3      | Reached skill level 7 in Earth Magic
  3280 | D:4      | Noticed Sigmund
  3286 | D:4      | Killed Sigmund
  3287 | D:4      | Reached XP level 7. HP: 24/32 MP: 7/12
  3372 | D:4      | Learned a level 5 spell: Lee's Rapid Deconstruction
  3594 | D:5      | Entered Level 5 of the Dungeon
  3641 | D:5      | Reached skill level 8 in Earth Magic
  3815 | D:5      | HP: 1/30 [wight/+1 flail of protection (15)]
  3815 | D:5      | Slain by a wight

Illustrated notes

Levels and vault maps discovered:
D:1:      lemuel_arrival_behind_the_door_large, layout_basic
D:2:      layout_basic, minmay_gold_behind_fungi, minmay_cupped
D:3:      layout_basic
D:4:      layout_basic, uniq_menkaure, uniq_sigmund
D:5:      layout_basic, nicolae_uskayaw_en_pointe, nicolae_ru_awakened_eye,
          portal_sewer_entry_f

Skill      XL: |  1  2  3  4  5  6  7 |
---------------+----------------------+-----
Earth Magic    | 3 4 5 6 7 8 |  8.6
Dodging        | |  2.6
Stealth        | |  3.0
Spellcasting   | |  2.6
Transmutations | |  1.3

Action                     |  1- 3 |  4- 6 |  7- 9 || total
---------------------------+-------+-------+-------++-------
  Throw: Dart              |     2 |     1 |     2 ||     5
   Cast: Sandblast         |    53 |    43 |    30 ||   126
    Use: Scroll            |     2 |     4 |       ||     6
 Armour: Robe              |     3 |     3 |       ||     6
  Dodge: Dodged            |     5 |     9 |     9 ||    23

Table legend: (Time is in decaauts)
 A = Elapsed time spent in this place.
 B = Non-inter-level travel time spent in this place.
 C = Inter-level travel time spent in this place.
 D = Time resting spent in this place.
 E = Time spent auto-exploring this place.
 F = Levels seen in this place.
 G = Mean time per level.
                   A        B        C        D        E       F      G
               +--------+--------+--------+--------+--------+-----+--------+
         Total |   2854 |   2773 |     81 |    224 |   2153 |   5 |  570.8 |
       Dungeon |   2854 |   2773 |     81 |    224 |   2153 |   5 |  570.8 |
               +--------+--------+--------+--------+--------+-----+--------+

Top non-repeatable levels by time:
     D:2: 942 daAuts
     D:1: 677 daAuts
     D:4: 578 daAuts
     D:3: 464 daAuts
     D:5: 192 daAuts
